 Dungeon Crawl Stone Soup version 0.29.1-1-gd02db6906a (webtiles) character file.

Game seed: 16557179376033983587

135 LustLizard the Trooper (level 4, -2/35 HPs)
             Began as a Demonspawn Fighter on Oct 4, 2022.
             Killed by nerve-wracking pain
             ... invoked by Grinder
              (9 damage)
             ... on level 3 of the Dungeon.
             The game lasted 00:03:43 (1929 turns).

LustLizard the Trooper (Demonspawn Fighter)         Turns: 1929, Time: 00:03:44

Health: -2/35      AC: 11    Str: 16    XL:     4   Next: 97%
Magic:  4/4        EV:  8    Int:  9    God:
Gold:   100        SH:  5    Dex: 15    Spells: 3/3 levels left

rFire   + . .      SeeInvis .   a - +0 long sword
rCold   . . .      Faith    .   c - +0 buckler
rNeg    . . .      Spirit   .   v - +0 chain mail
rPois   .          Reflect  .   j - +0 helmet
rElec   .          Harm     .   i - +0 cloak
rCorr   .          Rampage  .   (no gloves)
Will    .....                   (no boots)
Stlth   ..........              (no amulet)
HPRegen 0.11/turn               h - ring of protection from fire
MPRegen 0.18/turn               (no ring)

@: no status effects
A: repulsion field 1, magic regeneration
a: no special abilities


You were on level 3 of the Dungeon.
You visited 1 branch of the dungeon, and saw 3 of its levels.

You collected 100 gold pieces.

Inventory:

Hand Weapons
 a - a +0 long sword (weapon)
Missiles
 t - 5 boomerangs (quivered)
Armour
 b - a +0 scale mail
 c - a +0 buckler (worn)
 i - a +0 cloak (worn)
 j - a +0 helmet (worn)
 v - a +0 chain mail (worn)
Jewellery
 h - a ring of protection from fire (left hand)
Wands
 m - a wand of acid (2)
 u - a wand of paralysis (3)
Scrolls
 e - a scroll of fear {unknown}
 f - a scroll of immolation {unknown}
 g - a scroll of teleportation {unknown}
 k - a scroll of enchant weapon {unknown}
 o - a scroll of poison {unknown}
 r - 2 scrolls of noise {unknown}
 s - a scroll of fog {unknown}
Potions
 d - a potion of might
 l - 2 potions of curing
 n - a potion of mutation
 p - a potion of heal wounds
 q - a potion of magic


   Skills:
 + Level 3.5 Fighting
 * Level 3.1 Long Blades
 + Level 3.2 Armour
 + Level 1.3 Dodging
 + Level 3.2 Shields


You had 3 spell levels left.
You didn't know any spells.
Your spell library contained the following spells:

 Spells                   Type           Power      Damage    Failure   Level
 Slow                     Hex            0%         N/A       100%        1
 Confusing Touch          Hex            0%         N/A       100%        3
 Vampiric Draining        Necr           0%         2d6       100%        3
 Fulminant Prism          Conj/Hex       0%         3d6       100%        4
 Iskenderun's Mystic Bla  Conj/Tloc      0%         2d3       100%        4
 Lee's Rapid Deconstruct  Erth           0%         3d5*      100%        5


Dungeon Overview and Level Annotations

Branches:
Dungeon (3/15)

Altars:

Shops:
D:3 *

Annotations:
D:1 1 transporter
D:3 Grinder


Innate Abilities, Weirdness & Mutations

You are surrounded by a mild repulsion field. (EV +2)
You regenerate magic rapidly.


Message History

You kill the kobold!
No target in view!
You see here a +0 dagger.
Grinder comes into view.
Grinder shouts!
Grinder is nearby!
You hit Grinder but do no damage. Grinder barely misses you.
You hit Grinder.
Grinder is lightly wounded.
Grinder hits you.
You writhe in agony.
You block Grinder's attack.
You closely miss Grinder.
Grinder is lightly wounded.
Grinder gestures at you. Pain shoots through your body!
You hit Grinder but do no damage.
Grinder is lightly wounded.
Grinder gestures at you.
You barely resist. You hit Grinder.
Grinder is moderately wounded.
Grinder says, "You look like you could use a good racking."
Grinder closely misses you.
Sorry, you're not good enough to have a special ability.
You hit Grinder.
Grinder is moderately wounded.
Grinder barely misses you. Grinder gestures at you.
Pain shoots through your body!
* * * LOW HITPOINT WARNING * * *
You hit Grinder.
Grinder is moderately wounded.
Grinder hits you but does no damage.
You slash Grinder!
Grinder is heavily wounded.
Grinder hits you but does no damage.
You slash Grinder!
Grinder is severely wounded.
Grinder gestures at you. Pain shoots through your body!
You die...

##
####+####....
#...>.5......
#....@#######
#.....##....#
#....)##....#
#...........#
#.^......####
####.......#
### +
###...#+####.#
.###
#.......##.#
....
#.......##.#
#.##


You could see Grinder.

Vanquished Creatures
  Ijyb (D:3)
  4 adders
  2 dart slugs
  An orc (D:3)
  3 bats
  8 endoplasms
  3 giant cockroaches
  5 goblins
  3 hobgoblins (D:1)
  7 jackals (D:2)
  9 kobolds
  4 quokkas
  5 ball pythons
  2 frilled lizards
  3 rats
60 creatures vanquished.

Notes
Turn   | Place    | Note
-------+----------+-------------------------------------------
     0 | D:1      | LustLizard the Demonspawn Fighter began the quest for the
                  | Orb.
     0 | D:1      | Reached XP level 1. HP: 18/18 MP: 1/1
   138 | D:1      | Found a faded altar of an unknown god.
   159 | D:1      | Gained mutation: You are surrounded by a mild repulsion
                  | field. (EV +2) [demonic ancestry]
   159 | D:1      | Reached XP level 2. HP: 24/24 MP: 2/2
   483 | D:1      | Reached XP level 3. HP: 28/29 MP: 3/3
   846 | D:2      | Reached skill level 1 in Dodging
   906 | D:2      | Gained mutation: You regenerate magic rapidly. [demonic
                  | ancestry]
   906 | D:2      | Reached XP level 4. HP: 26/35 MP: 4/4
  1744 | D:3      | Noticed Ijyb
  1744 | D:3      | Paralysed by Ijyb for 3 turns
  1752 | D:3      | Paralysed by Ijyb for 4 turns
  1759 | D:3      | Killed Ijyb
  1843 | D:3      | Found Dotuzuss's General Store.
  1916 | D:3      | Noticed Grinder
  1929 | D:3      | Killed from afar by Grinder

Illustrated notes

Levels and vault maps discovered:
D:1:      spicycebolla_arrival_risky_transporter, layout_rooms,
          hellmonk_ecumenical_altar_lost_god
D:2:      layout_basic
D:3:      layout_basic, gammafunk_temple_overflow_elements, serial_shops, shop,
          kennysheep_generic_room_5, uniq_ijyb, uniq_grinder

Skill      XL: |  1  2  3  4 |
---------------+-------------+-----
Long Blades    | 2 3 |  3.1
Shields        | 3 |  3.2
Armour         | 3 |  3.2
Dodging        | 1 |  1.3
Fighting       | |  3.5

Action                   |  1- 3 |  4- 6 || total
-------------------------+-------+-------++-------
Melee: Long sword        |   121 |   107 ||   228
  Use: Scroll            |       |     4 ||     4
Armor: Scale mail        |    68 |    56 ||   124
       Chain mail        |       |     2 ||     2
Dodge: Dodged            |    76 |    64 ||   140
Block: Buckler           |    30 |    27 ||    57
